 Dungeon Crawl Stone Soup version 0.22.1-5-g62c59d9 (webtiles) character file.

4055 manyhoops the Magician (level 10, -9/76 HPs)
             Began as a Gnoll Wanderer on Jan 13, 2019.
             Was an Initiate of Gozag.
             Killed from afar by an adder (25 damage)
             ... with an exploding inner flame
             ... hexed by the player character
             ... on level 8 of the Dungeon.
             The game lasted 00:14:46 (8835 turns).

manyhoops the Magician (Gnoll Wanderer)             Turns: 8835, Time: 00:14:49

Health: -9/76      AC: 13    Str: 15    XL:     10   Next: 25%
Magic:  6/20       EV: 14    Int: 15    God:    Gozag
Gold:   347        SH:  0    Dex: 17    Spells: 19/23 levels left

rFire    . . .     SeeInvis .   a - +1 spear (venom)
rCold    . . .     Gourm    .   (no shield)
rNeg     . . .     Faith    .   c - +0 ring mail
rPois    .         Spirit   .   x - +0 helmet
rElec    .         Reflect  .   o - +0 cloak
rCorr    .         Harm     .   (no gloves)
MR       +....                  K - +0 pair of boots
Stlth    +++.......             (no amulet)
HPRegen  0.22/turn              m - ring of protection from magic
MPRegen  0.17/turn              G - +4 ring of protection

@: lethally poisoned (-9 -> -16), gold aura, very slightly contaminated
A: distributed training, fangs 1, strong nose
a: Potion Petition, Call Merchant, Bribe Branch, Renounce Religion


You were on level 8 of the Dungeon.
You worshipped Gozag.
Gozag was aware of your devotion.
You were not hungry.

You visited 2 branches of the dungeon, and saw 9 of its levels.

You collected 859 gold pieces.
You spent 396 gold pieces at shops.
You paid 116 gold pieces to Gozag.

Inventory:

Hand Weapons
 a - a +1 spear of venom (weapon)
 l - a +2 whip of electrocution
 z - a +2 spear of freezing
 C - a +2 war axe of electrocution
Missiles
 B - a throwing net (quivered)
Armour
 c - a +0 ring mail (worn)
 o - a +0 cloak (worn)
 x - a +0 helmet (worn)
 E - a scarf of resistance
 K - a +0 pair of boots (worn)
Jewellery
 m - a ring of protection from magic (left hand)
 n - an uncursed ring of stealth
 r - an uncursed ring of wizardry
 G - a +4 ring of protection (right hand)
Wands
 q - a wand of paralysis (12)
 H - a wand of polymorph (14)
Scrolls
 e - a scroll of fog {unknown}
 g - 2 scrolls of fear
 h - 4 scrolls of remove curse
 i - 3 scrolls of amnesia
 p - a scroll of random uselessness
 v - a scroll of enchant weapon {unknown}
 w - a scroll of blinking
 y - a scroll of magic mapping {unknown}
 A - a scroll of vulnerability
 F - a scroll of identify
Potions
 b - a potion of magic
 j - 2 potions of curing
 k - 4 potions of cancellation
 s - a potion of resistance
 t - 2 potions of might
 u - a potion of heal wounds
 D - a potion of lignification
 I - a potion of agility {unknown}
 J - a potion of brilliance {unknown}
Comestibles
 f - 6 rations


   Skills:
 + Level 5.7 Fighting
 + Level 5.0 Short Blades
 + Level 5.0 Long Blades
 + Level 5.0 Axes
 + Level 5.0 Maces & Flails
 + Level 6.8 Polearms
 + Level 5.0 Staves
 + Level 5.0 Slings
 + Level 5.0 Bows
 + Level 5.0 Crossbows
 + Level 5.0 Throwing
 + Level 5.0 Armour
 + Level 5.7 Dodging
 + Level 6.6 Stealth
 + Level 5.7 Shields
 + Level 5.0 Unarmed Combat
 + Level 7.1 Spellcasting
 + Level 4.1 Conjurations
 + Level 4.1 Hexes
 + Level 4.1 Charms
 + Level 4.1 Summonings
 + Level 4.1 Necromancy
 + Level 4.1 Translocations
 + Level 4.1 Transmutations
 + Level 4.1 Fire Magic
 + Level 4.1 Ice Magic
 + Level 4.7 Air Magic
 + Level 4.1 Earth Magic
 + Level 4.1 Poison Magic
 + Level 5.5 Invocations
 + Level 5.0 Evocations


You had 19 spell levels left.
You knew the following spells:

 Your Spells              Type           Power        Failure   Level  Hunger
a - Sandblast             Erth           ###...       4%          1    None
b - Stone Arrow           Conj/Erth      ###...       13%         3    ##.....

Your spell library contained the following spells:

 Spells                   Type           Power        Failure   Level  Hunger


Dungeon Overview and Level Annotations

Branches:
Dungeon (8/15)             Temple (1/1) D:5
   Lair: D:8-11

Altars:
Ashenzari
Cheibriados
Dithmenos
Elyvilon
Fedhas
Gozag
Kikubaaqudgha
Nemelex Xobeh
Okawaru
Qazlal
Ru
Sif Muna
Trog
Vehumet
Wu Jian
Yredelemnul
Zin
The Shining One

Shops:
D:7 =


Innate Abilities, Weirdness & Mutations

Your experience applies equally to all skills.
You have very sharp teeth.
Your uncanny sense of smell can sniff out nearby items.


Message History

The fiery explosion engulfs the hippogriff.
The hippogriff explodes!
The fiery explosion engulfs you!
* * * LOW HITPOINT WARNING * * *
Your Short Blades skill increases to level 5!
Your Long Blades skill increases to level 5!
Your Axes skill increases to level 5!
Your Maces & Flails skill increases to level 5!
Your Staves skill increases to level 5!
Your Slings skill increases to level 5!
Your Bows skill increases to level 5!
Your Crossbows skill increases to level 5!
Your Throwing skill increases to level 5!
Your Armour skill increases to level 5!
Your Unarmed Combat skill increases to level 5!
Your Evocations skill increases to level 5!
The fiery explosion engulfs the adder.
The adder explodes!
The fiery explosion engulfs you!
You die...
Your body crumbles into a pile of gold.

#......# #####..###
#####......# #.........
#$..#......###.........
#..$........##.........
##$$....#.#.##.....(...
#$(.#..#..............
##.........#......)...
##........#...)..)..<
#.#@##...)..........
#§§§§{o.............
###§##..#.#.........
####oo........#......
#...o##..#....#.####.
#o.#$.o.......... ..
##.####........... ..
#.o..##.........##
#o...##.H.......#


You could see an orc wizard (inner flame) and 3 orcs.

Vanquished Creatures
  A hippogriff (D:8)
  2 slime creatures
  Sigmund (D:3)
  A water moccasin (D:8)
  An orc warrior (D:8)
  A black bear (D:6)
  2 sky beasts
  5 ogres
  3 phantoms
  3 bullfrogs
  A big kobold (D:5)
  3 scorpions
  3 killer bees (D:6)
  A howler monkey (D:6)
  A crimson imp (D:5)
  A bullfrog zombie (D:5)
  2 hounds
  2 gnoll shamans (D:3)
  A bullfrog skeleton (D:7)
  4 jellies
  4 orc wizards
  2 centaur skeletons
  Natasha (thrice) (D:2)
  11 worker ants
  2 hound skeletons
  A worker ant zombie (D:5)
  Robin (D:3)
  48 gnolls
  7 adders
  A shadow imp (D:7)
  4 oozes
  An adder skeleton (D:4)
  An adder zombie (D:5)
  4 worms
  2 dart slugs
  2 leopard geckos
  14 orcs
  2 ball pythons (D:3)
  5 giant cockroaches
  9 hobgoblins
  18 jackals
  6 quokkas
  8 bats
  4 frilled lizards (D:1)
  A giant cockroach zombie (D:5)
  18 goblins
  16 kobolds
  A leopard gecko skeleton (D:5)
  A quokka skeleton (D:5)
  11 rats
247 creatures vanquished.

Vanquished Creatures (others)
  3 fungi (D:5)
  10 toadstools (D:5)
13 creatures vanquished.

Grand Total: 260 creatures vanquished

Notes
Turn   | Place    | Note
-------+----------+-------------------------------------------
     0 | D:1      | manyhoops the Gnoll Wanderer began the quest for the Orb.
     0 | D:1      | manyhoops set off with: a +2 spear, a potion of
                  | lignification, a +0 robe, a +0 dagger, a ration
     0 | D:1      | Reached XP level 1. HP: 17/17 MP: 6/6
     2 | D:1      | Learned a level 1 spell: Sandblast
    59 | D:1      | Reached XP level 2. HP: 21/23 MP: 7/7
   447 | D:1      | Reached XP level 3. HP: 22/28 MP: 9/9
   602 | D:1      | Reached skill level 5 in Spellcasting
   724 | D:2      | Reached skill level 1 in Invocations
   839 | D:2      | Noticed Natasha
   845 | D:2      | Killed Natasha
   845 | D:2      | Reached skill level 1 in Short Blades
   845 | D:2      | Reached skill level 1 in Long Blades
   845 | D:2      | Reached skill level 1 in Axes
   845 | D:2      | Reached skill level 1 in Maces & Flails
   845 | D:2      | Reached skill level 1 in Staves
   845 | D:2      | Reached skill level 1 in Slings
   845 | D:2      | Reached skill level 1 in Bows
   845 | D:2      | Reached skill level 1 in Crossbows
   845 | D:2      | Reached skill level 1 in Throwing
   845 | D:2      | Reached skill level 1 in Armour
   845 | D:2      | Reached skill level 1 in Unarmed Combat
   845 | D:2      | Reached skill level 1 in Evocations
   845 | D:2      | Reached XP level 4. HP: 34/34 MP: 11/11
   854 | D:2      | Found a radiant altar of Vehumet.
   956 | D:2      | Found an iron altar of Okawaru.
   959 | D:2      | Found a stormy altar of Qazlal.
  1333 | D:2      | Found a white marble altar of Elyvilon.
  1416 | D:2      | Noticed Natasha
  1421 | D:2      | Killed Natasha
  1421 | D:2      | Reached skill level 1 in Conjurations
  1421 | D:2      | Reached skill level 1 in Hexes
  1421 | D:2      | Reached skill level 1 in Charms
  1421 | D:2      | Reached skill level 1 in Summonings
  1421 | D:2      | Reached skill level 1 in Necromancy
  1421 | D:2      | Reached skill level 1 in Translocations
  1421 | D:2      | Reached skill level 1 in Transmutations
  1421 | D:2      | Reached skill level 1 in Fire Magic
  1421 | D:2      | Reached skill level 1 in Ice Magic
  1421 | D:2      | Reached skill level 1 in Earth Magic
  1421 | D:2      | Reached skill level 1 in Poison Magic
  1546 | D:2      | Noticed Natasha
  1547 | D:2      | Killed Natasha
  1547 | D:2      | Reached XP level 5. HP: 40/40 MP: 12/12
  1633 | D:2      | Found a snail-covered altar of Cheibriados.
  2133 | D:3      | Reached XP level 6. HP: 38/47 MP: 13/13
  2171 | D:3      | Found a sacrificial altar of Ru.
  2281 | D:3      | Noticed Sigmund
  2284 | D:3      | Reached skill level 5 in Polearms
  3251 | D:4      | Reached XP level 7. HP: 52/52 MP: 15/15
  3313 | D:4      | Learned a level 3 spell: Stone Arrow
  3476 | D:4      | Reached skill level 5 in Stealth
  3568 | D:4      | Found a deep blue altar of Sif Muna.
  3700 | D:4      | Found a basalt altar of Yredelemnul.
  3700 | D:4      | Found a shattered altar of Ashenzari.
  3889 | D:3      | Noticed Robin
  3900 | D:3      | Killed Robin
  3983 | D:3      | Reached XP level 8. HP: 53/60 MP: 16/16
  4508 | D:3      | Killed Sigmund
  4508 | D:3      | Reached skill level 6 in Spellcasting
  4995 | D:5      | Entered Level 5 of the Dungeon
  5118 | D:5      | Found a staircase to the Ecumenical Temple.
  5141 | D:5      | Found a glowing golden altar of the Shining One.
  5486 | D:5      | Reached XP level 9. HP: 66/66 MP: 18/18
  5553 | Temple   | Entered the Ecumenical Temple
  5579 | Temple   | Became a worshipper of Gozag Ym Sagoz the Greedy
  7143 | D:5      | Reached skill level 5 in Fighting
  7143 | D:5      | Reached skill level 5 in Dodging
  7143 | D:5      | Reached skill level 5 in Shields
  7693 | D:6      | Found a sparkling altar of Nemelex Xobeh.
  7767 | D:6      | Reached skill level 5 in Invocations
  8189 | D:7      | Found Foseroo's Jewellery Boutique.
  8199 | D:7      | Bought a +4 ring of protection for 396 gold pieces
  8302 | D:7      | Reached XP level 10. HP: 66/74 MP: 20/20
  8355 | D:7      | Reached skill level 7 in Spellcasting
  8835 | D:8      | Reached skill level 5 in Short Blades
  8835 | D:8      | Reached skill level 5 in Long Blades
  8835 | D:8      | Reached skill level 5 in Axes
  8835 | D:8      | Reached skill level 5 in Maces & Flails
  8835 | D:8      | Reached skill level 5 in Staves
  8835 | D:8      | Reached skill level 5 in Slings
  8835 | D:8      | Reached skill level 5 in Bows
  8835 | D:8      | Reached skill level 5 in Crossbows
  8835 | D:8      | Reached skill level 5 in Throwing
  8835 | D:8      | Reached skill level 5 in Armour
  8835 | D:8      | Reached skill level 5 in Unarmed Combat
  8835 | D:8      | Reached skill level 5 in Evocations
  8835 | D:8      | Killed from afar by an adder

Skill      XL: |  1  2  3  4  5  6  7  8  9 10 |
---------------+-------------------------------+-----
Air Magic      | 2 3 4 |  4.7
Spellcasting   | 5 6 7 |  7.1
Invocations    | 1 2 3 4 5 |  5.5
Short Blades   | 1 2 3 4 5 |  5.0
Long Blades    | 1 2 3 4 5 |  5.0
Axes           | 1 2 3 4 5 |  5.0
Maces & Flails | 1 2 3 4 5 |  5.0
Staves         | 1 2 3 4 5 |  5.0
Slings         | 1 2 3 4 5 |  5.0
Bows           | 1 2 3 4 5 |  5.0
Crossbows      | 1 2 3 4 5 |  5.0
Throwing       | 1 2 3 4 5 |  5.0
Armour         | 1 2 3 4 5 |  5.0
Unarmed Combat | 1 2 3 4 5 |  5.0
Evocations     | 1 2 3 4 5 |  5.0
Conjurations   | 1 2 3 4 |  4.1
Hexes          | 1 2 3 4 |  4.1
Charms         | 1 2 3 4 |  4.1
Summonings     | 1 2 3 4 |  4.1
Necromancy     | 1 2 3 4 |  4.1
Translocations | 1 2 3 4 |  4.1
Transmutations | 1 2 3 4 |  4.1
Fire Magic     | 1 2 3 4 |  4.1
Ice Magic      | 1 2 3 4 |  4.1
Earth Magic    | 1 2 3 4 |  4.1
Poison Magic   | 1 2 3 4 |  4.1
Fighting       | 3 4 5 |  5.7
Dodging        | 3 4 5 |  5.7
Shields        | 3 4 5 |  5.7
Polearms       | 5 6 |  6.8
Stealth        | 5 6 |  6.6

Action                   |  1- 3 |  4- 6 |  7- 9 | 10-12 || total
-------------------------+-------+-------+-------+-------++-------
Melee: Spear             |    44 |       |   443 |    65 ||   552
       Bite              |     3 |    15 |    63 |     7 ||    88
       Whip              |    35 |   210 |   125 |       ||   370
       Punch             |     1 |       |     8 |     1 ||    10
Throw: Throwing net      |       |     1 |     1 |       ||     2
 Cast: Stone Arrow       |       |       |    21 |     8 ||    29
  Use: Scroll            |     5 |     5 |     9 |     1 ||    20
       Potion            |     1 |     2 |     4 |       ||     7
 Stab: Sleeping          |     9 |     8 |    15 |     2 ||    34
       Invisible         |       |     1 |       |       ||     1
       Paralysed         |       |     1 |       |       ||     1
       Distracted        |       |       |     3 |       ||     3
  Eat: Chunk             |       |     7 |     7 |       ||    14
       Ration            |       |       |     3 |     1 ||     4
Armor: Robe              |     9 |     8 |       |       ||    17
       Skin              |       |    59 |       |       ||    59
       Ring mail         |       |    41 |   119 |    19 ||   179
Dodge: Dodged            |    29 |   104 |   263 |    38 ||   434
